[Event "Czech Juniors Girls 2024"]
[Site "Jaromerice nad Rokytnou"]
[Date "2024.03.14"]
[Round "7.4"]
[White "Zelbova, Lada"]
[Black "Fizerova, Lucie"]
[Result "1/2-1/2"]
[ECO "B51"]
[WhiteElo "1954"]
[BlackElo "1886"]
[Annotator "RC"]
[PlyCount "115"]
[EventDate "2024.03.10"]
[EventType "tourn"]
[EventCountry "CZE"]
[SourceTitle "playchess.com"]
[Source "ChessBase"]
[SourceQuality "1"]
[WhiteTeam "Czech Republic"]
[BlackTeam "Czech Republic"]
[WhiteTeamCountry "CZE"]
[BlackTeamCountry "CZE"]
[TimeControl "40/5400+30:1800+30"]

1. e4 c5 2. Nf3 d6 3. Bb5+ Nd7 4. O-O e6 5. Re1 Be7 6. c3 Ngf6 7. d4 O-O 8. e5 dxe5 9. dxe5 Nd5 10. Nbd2 Qc7 11. Bd3 Rd8 12. Qc2 Nf8 13. a3 Rb8 14. c4 Nf4 15. Bf1 b6 16. Ne4 N4g6 17. Nc3 a6 18. Bd3 Bb7 19. Be4 Bxe4 20. Qxe4 b5 21. Be3 Nd7 22. h4 Ndxe5 23. Nxe5 Qxe5 24. Qxe5 Nxe5 25. Bf4 Nd3 26. Bxb8 Nxe1 27. Bc7 Rd7 28. cxb5 Rxc7 29. Rxe1 axb5 30. Nxb5 Rb7 31. a4 Bxh4 32. Rc1 Be7 33. Kf1 h5 34. Ke2 Rb8 35. Ra1 Bf6 36. Kd3 Bxb2 37. Ra2 Bf6 38. Kc4 Bd8 39. a5 Ra8 40. a6 Bb6 41. Nd6 Ba7 42. Rb2 g5 43. Rb7 Bb8 44. Rb6 h4 45. Ne4 Bf4 46. Nf6+ Kg7 47. Nh5+ Kg6 48. Nxf4+ gxf4 49. f3 Kg5 50. Kxc5 h3 51. gxh3 Kh4 52. Kc6 Ra7 53. Rb4 Rxa6+ 54. Kb7 Ra5 55. Rxf4+ Kxh3 56. Rxf7 Rf5 57. Re7 e5 58. Kc6 1/2-1/2

[Event "Czech Juniors Girls 2024"]
[Site "Jaromerice nad Rokytnou"]
[Date "2024.03.14"]
[Round "7.5"]
[White "Petirova, Iva"]
[Black "Voriskova, Anna"]
[Result "0-1"]
[ECO "B31"]
[WhiteElo "1846"]
[BlackElo "1999"]
[Annotator "RC"]
[PlyCount "88"]
[EventDate "2024.03.10"]
[EventType "tourn"]
[EventCountry "CZE"]
[SourceTitle "playchess.com"]
[Source "ChessBase"]
[SourceQuality "1"]
[WhiteTeam "Czech Republic"]
[BlackTeam "Czech Republic"]
[WhiteTeamCountry "CZE"]
[BlackTeamCountry "CZE"]
[TimeControl "40/5400+30:1800+30"]

1. e4 c5 2. Nf3 Nc6 3. Bb5 g6 4. O-O Bg7 5. Re1 e5 6. Bxc6 dxc6 7. d3 Ne7 8. a3 O-O 9. b4 cxb4 10. axb4 Bg4 11. Nbd2 Qc7 12. h3 Be6 13. Ng5 Bd7 14. Bb2 h6 15. Ngf3 Be6 16. Qe2 Rfd8 17. Nh2 Kh7 18. Ng4 a6 19. Nf3 Bxg4 20. hxg4 Nc8 21. g5 h5 22. Ra5 Re8 23. Rea1 Na7 24. Nh2 Qe7 25. Nf3 Nb5 26. c4 Nc7 27. Rxe5 Qxb4 28. Rxe8 Rxe8 29. Bxg7 Kxg7 30. Qc2 Rb8 31. Rb1 Qa3 32. Nd4 Qc5 33. Qc3 Kg8 34. Nf3 b5 35. Qf6 Re8 36. d4 Qxc4 37. Qd6 Ne6 38. Ne5 Qxd4 39. Qxd4 Nxd4 40. Nd7 Re7 41. Nc5 a5 42. Rd1 Ne6 43. Nb3 a4 44. Na5 c5 0-1

[Event "Czech Juniors Girls 2024"]
[Site "Jaromerice nad Rokytnou"]
[Date "2024.03.15"]
[Round "8.1"]
[White "Trasakova, Adela"]
[Black "Voriskova, Anna"]
[Result "0-1"]
[ECO "A46"]
[WhiteElo "1935"]
[BlackElo "1999"]
[Annotator "RC"]
[PlyCount "66"]
[EventDate "2024.03.10"]
[EventType "tourn"]
[EventCountry "CZE"]
[SourceTitle "playchess.com"]
[Source "ChessBase"]
[SourceQuality "1"]
[WhiteTeam "Czech Republic"]
[BlackTeam "Czech Republic"]
[WhiteTeamCountry "CZE"]
[BlackTeamCountry "CZE"]
[TimeControl "40/5400+30:1800+30"]

1. d4 Nf6 2. Nf3 e6 3. g3 b5 4. Bg2 d5 5. O-O Be7 6. b3 O-O 7. c4 bxc4 8. bxc4 Nbd7 9. Ba3 Bb7 10. Bxe7 Qxe7 11. Nc3 dxc4 12. Rb1 Nb6 13. a4 Rab8 14. Qc2 c5 15. Rfd1 Rfd8 16. Rb5 cxd4 17. Nxd4 Bxg2 18. Kxg2 Rbc8 19. e4 g6 20. a5 Nbd7 21. Rb7 Qc5 22. Ndb5 Ne5 23. Nxa7 Ra8 24. Nab5 Nd3 25. Qe2 Rdc8 26. Ra1 Qg5 27. Kh1 Ng4 28. h4 Ngxf2+ 29. Kg2 Qc5 30. Qf3 Rf8 31. Rc7 Qb4 32. Ra2 Ne1+ 33. Kxf2 Nxf3 0-1

[Event "Czech Juniors Girls 2024"]
[Site "Jaromerice nad Rokytnou"]
[Date "2024.03.15"]
[Round "8.2"]
[White "Fizerova, Lucie"]
[Black "Petirova, Iva"]
[Result "1/2-1/2"]
[ECO "A07"]
[WhiteElo "1886"]
[BlackElo "1846"]
[Annotator "NA RC"]
[PlyCount "81"]
[EventDate "2024.03.10"]
[EventType "tourn"]
[EventCountry "CZE"]
[SourceTitle "playchess.com"]
[Source "ChessBase"]
[SourceQuality "1"]
[WhiteTeam "Czech Republic"]
[BlackTeam "Czech Republic"]
[WhiteTeamCountry "CZE"]
[BlackTeamCountry "CZE"]
[TimeControl "40/5400+30:1800+30"]

1. Nf3 Nf6 2. g3 g6 3. Bg2 Bg7 4. O-O O-O 5. d3 d5 6. Nbd2 Nc6 7. Re1 e5 8. e4 Re8 9. a4 {[%emt 0:02:31] A07: Réti Opening: New York and Capablanca Systems.} a5 10. exd5 Nxd5 11. Nc4 h6 12. h3 Kh7 13. Re2 Ndb4 14. Bd2 Bf5 15. Bxb4 axb4 16. g4 e4 17. gxf5 exf3 18. Rxe8 Qxe8 19. fxg6+ fxg6 20. Qxf3 Nd4 21. Qxb7 Rxa4 22. Rf1 Qd8 23. Kh1 c5 24. c3 bxc3 25. bxc3 Ne2 26. Qc6 Nxc3 27. Be4 Nxe4 28. Qxe4 Qd4 29. Qxd4 Bxd4 30. Kg2 Kg7 31. Kg3 Ra2 32. f4 Ra8 33. Rb1 Ra7 34. Rb6 Rd7 35. Kf3 Re7 36. Rd6 h5 37. Rd5 Kf6 38. Rd6+ Kg7 39. Rd5 Kf6 40. Rd6+ Kg7 41. Rd5 $11 1/2-1/2

[Event "Czech Juniors Girls 2024"]
[Site "Jaromerice nad Rokytnou"]
[Date "2024.03.15"]
[Round "8.3"]
[White "Nagyova, Daniela"]
[Black "Zelbova, Lada"]
[Result "0-1"]
[ECO "B92"]
[WhiteElo "1927"]
[BlackElo "1954"]
[Annotator "RC"]
[PlyCount "64"]
[EventDate "2024.03.10"]
[EventType "tourn"]
[EventCountry "CZE"]
[SourceTitle "playchess.com"]
[Source "ChessBase"]
[SourceQuality "1"]
[WhiteTeam "Czech Republic"]
[BlackTeam "Czech Republic"]
[WhiteTeamCountry "CZE"]
[BlackTeamCountry "CZE"]
[TimeControl "40/5400+30:1800+30"]

1. e4 c5 2. Nf3 d6 3. d4 cxd4 4. Nxd4 Nf6 5. Nc3 a6 6. Be2 e5 7. Nb3 Be7 8. Be3 Be6 9. O-O Nbd7 10. Qd2 Rc8 11. a4 Nb6 12. a5 Nc4 13. Bxc4 Rxc4 14. f3 Qd7 15. Rfd1 O-O 16. Nc1 Rfc8 17. N1a2 Qc6 18. Kh1 Ne8 19. Qd3 Bd8 20. Nc1 Rb4 21. b3 Qxc3 22. Qxc3 Rxc3 23. Na2 Rbxb3 24. cxb3 Rxe3 25. b4 Ra3 26. Rdc1 Bxa2 27. Rc2 Bb3 28. Rxa3 Bxc2 29. b5 Kf8 30. Rc3 Ba4 31. bxa6 bxa6 32. Rc8 Bxa5 0-1

[Event "Czech Juniors Girls 2024"]
[Site "Jaromerice nad Rokytnou"]
[Date "2024.03.15"]
[Round "8.4"]
[White "Markina, Sofiia"]
[Black "Nespora, Tatana"]
[Result "1-0"]
[ECO "C54"]
[WhiteElo "1857"]
[BlackElo "1839"]
[Annotator "NA"]
[PlyCount "127"]
[EventDate "2024.03.10"]
[EventType "tourn"]
[EventCountry "CZE"]
[SourceTitle "playchess.com"]
[Source "ChessBase"]
[SourceQuality "1"]
[WhiteTeam "Czech Republic"]
[BlackTeam "Czech Republic"]
[WhiteTeamCountry "CZE"]
[BlackTeamCountry "CZE"]
[TimeControl "40/5400+30:1800+30"]

1. e4 e5 2. Nf3 Nc6 3. Bc4 Nf6 4. d3 Bc5 5. c3 a6 6. Bb3 Ba7 7. O-O d6 8. Nbd2 {[%emt 0:00:37] 8.Re1 deserves study.} h6 {[%emt 0:00:54] C54: Giuoco Piano: 4 c3 Nf6, main lines with 5 d4 and 5 d3.} 9. Re1 g5 10. Nf1 Bg4 11. Be3 $146 ({Predecessor:} 11. h3 Bd7 12. d4 g4 13. dxe5 gxf3 14. exf6 fxg2 15. Ne3 Qxf6 16. Qh5 Ne5 17. Nf5 Bxf2+ 18. Kxf2 {0-1 Andriasian,S (2298)-Papidakis,G (2135) EU-ch Amateur Online Final 2000/2300 rapid 2021 (3)}) 11... Qd7 12. Bxa7 Nxa7 13. Ne3 O-O-O 14. a4 Rdg8 {[%emt 0:03:09] [#]} 15. Bc4 (15. Nxg4 $142 $1 Nxg4 16. d4) 15... Be6 16. b4 h5 17. b5 a5 {[%emt 0:02:09] [#]} 18. b6 $1 Nc6 (18... cxb6 $16 {might work better.} 19. Rb1 g4) 19. Qb3 cxb6 20. Qxb6 Qc7 21. Qb3 Qd7 22. Rab1 h4 23. Bxe6 fxe6 24. Nc4 Qe7 25. d4 g4 26. Nfd2 g3 27. Nf3 Ng4 28. fxg3 hxg3 29. h3 Nh2 30. Nxh2 gxh2+ 31. Kxh2 exd4 32. cxd4 Nxd4 33. Qc3 Nc6 34. Rb2 Qg7 35. Nxd6+ Kd8 36. Nxb7+ Kc7 37. Qxg7+ Rxg7 38. Nc5 Rg6 39. e5 Rhg8 40. Na6+ Kd7 41. Nc5+ $11 (41. g4 $18) 41... Ke7 42. Rb7+ Ke8 43. g4 Nd4 44. Re3 R8g7 45. Rxg7 Rxg7 46. Rd3 Rc7 47. Rxd4 Rxc5 48. Re4 Kf7 49. Kg3 Kg6 50. Kf4 Rc1 51. h4 Rf1+ 52. Kg3 Rh1 53. Rf4 Ra1 54. Rf6+ Kg7 55. Rxe6 Rxa4 56. h5 Re4 57. Kf3 Re1 58. Kf4 Rf1+ 59. Kg5 a4 60. h6+ Kg8 61. Ra6 Re1 62. Kg6 Kf8 63. h7 Rh1 64. Ra8+ 1-0

[Event "Czech Juniors Girls 2024"]
[Site "Jaromerice nad Rokytnou"]
[Date "2024.03.15"]
[Round "8.5"]
[White "Sulcova, Tereza Radmila"]
[Black "Jakubse, Tamae Severina"]
[Result "1-0"]
[ECO "C58"]
[WhiteElo "1835"]
[BlackElo "1861"]
[Annotator "NA RC"]
[PlyCount "38"]
[EventDate "2024.03.10"]
[EventType "tourn"]
[EventCountry "CZE"]
[SourceTitle "playchess.com"]
[Source "ChessBase"]
[SourceQuality "1"]
[WhiteTeam "Czech Republic"]
[BlackTeam "Czech Republic"]
[WhiteTeamCountry "CZE"]
[BlackTeamCountry "CZE"]
[TimeControl "40/5400+30:1800+30"]

1. e4 e5 2. Nf3 Nc6 3. Bc4 Nf6 4. Ng5 d5 5. exd5 Na5 6. Bb5+ c6 7. dxc6 bxc6 8. Qf3 h6 9. Ne4 cxb5 10. Nxf6+ gxf6 11. Qxa8 Qd7 12. Qf3 Nc6 13. Nc3 ({Weaker is} 13. Qxf6 Rg8 14. c3 Rxg2 $17) 13... Nd4 14. Qxf6 Rg8 15. Qxe5+ Kd8 {[%emt 0:00:40] [#]} 16. Kd1 $16 Rxg2 17. Qf6+ Be7 18. Qh8+ Kc7 19. Qxd4 Kc6 1-0

[Event "Czech Juniors Girls 2024"]
[Site "Jaromerice nad Rokytnou"]
[Date "2024.03.16"]
[Round "9.1"]
[White "Jakubse, Tamae Severina"]
[Black "Trasakova, Adela"]
[Result "1/2-1/2"]
[ECO "B13"]
[WhiteElo "1861"]
[BlackElo "1935"]
[Annotator "NA RC"]
[PlyCount "63"]
[EventDate "2024.03.10"]
[EventType "tourn"]
[EventCountry "CZE"]
[SourceTitle "playchess.com"]
[Source "ChessBase"]
[SourceQuality "1"]
[TimeControl "40/5400+30:1800+30"]

1. e4 c6 2. d4 d5 3. exd5 cxd5 4. c4 Nf6 5. Nc3 Nc6 6. Nf3 a6 {[%emt 0:00:16] punktet besser als das ältere 6...Bg4.} 7. h3 {[%emt 0:03:17] B13: Caro-Kann (Abtausch-Variante 4.c4).} g6 8. Be2 (8. c5 {should be considered.}) 8... dxc4 $146 ({Predecessor:} 8... Bg7 9. Be3 dxc4 10. Bxc4 Na5 11. Be2 O-O 12. O-O b5 13. Ne5 Bb7 14. b4 Nc6 15. Nxc6 Bxc6 {0-1 Peralta Macas,S (1428)-Quiroz Alva,G (1729) Pan American-ch School U15 12th 2023 (3)}) 9. Bxc4 Na5 10. Be2 Bg7 11. O-O O-O 12. Bf4 b5 13. b4 Nc6 14. a4 Bb7 15. Qd2 Nxb4 16. axb5 axb5 17. Nxb5 Nbd5 18. Be5 Qd7 19. Rac1 Rfc8 20. Rxc8+ Rxc8 21. Qb2 Bc6 22. Ra1 $11 Ra8 23. Rxa8+ Bxa8 24. Nd2 Qb7 25. Bf3 Nd7 26. Bxg7 Kxg7 27. Ne4 Qb6 28. Nc5 N7f6 29. Na4 Qa5 30. Nc5 Qb6 31. Na4 Qa5 32. Nc5 1/2-1/2

[Event "Czech Juniors Girls 2024"]
[Site "Jaromerice nad Rokytnou"]
[Date "2024.03.16"]
[Round "9.2"]
[White "Nespora, Tatana"]
[Black "Sulcova, Tereza Radmila"]
[Result "1/2-1/2"]
[ECO "B00"]
[WhiteElo "1839"]
[BlackElo "1835"]
[Annotator "NA RC"]
[PlyCount "63"]
[EventDate "2024.03.10"]
[EventType "tourn"]
[EventCountry "CZE"]
[SourceTitle "playchess.com"]
[Source "ChessBase"]
[SourceQuality "1"]
[TimeControl "40/5400+30:1800+30"]

1. d4 b5 2. e4 Bb7 3. Bd3 e6 4. Nf3 a6 5. O-O Nf6 6. Qe2 c5 7. c3 d6 8. d5 (8. dxc5 $14 {ist überlegen.} dxc5 9. c4) 8... e5 $16 (8... exd5 $1 $11 {hält das Gleichgewicht.} 9. Bg5 (9. exd5+ Be7 $11) 9... dxe4 10. Bxe4 Qe7 (10... Bxe4 $2 {verliert.} 11. Bxf6 Qxf6 12. Qxe4+ Be7 13. Qxa8 $18)) 9. a4 c4 10. Bc2 Nbd7 11. b3 cxb3 12. Bxb3 bxa4 13. Bxa4 Be7 14. h3 O-O 15. Bxd7 Nxd7 16. Nfd2 f5 17. f3 Nc5 18. Ba3 Rc8 19. c4 Bg5 20. Bxc5 Rxc5 21. Nb3 Rc7 22. N1d2 Bf4 23. Rfb1 Bc8 24. exf5 Rxf5 25. Ne4 Rh5 26. Nf2 Qg5 27. Kf1 Qg6 28. Nd2 Bxd2 29. Qxd2 Rxc4 30. Rc1 Rxc1+ 31. Rxc1 Bd7 32. Qc2 1/2-1/2

[Event "Czech Juniors Girls 2024"]
[Site "Jaromerice nad Rokytnou"]
[Date "2024.03.16"]
[Round "9.3"]
[White "Zelbova, Lada"]
[Black "Markina, Sofiia"]
[Result "1-0"]
[ECO "D35"]
[WhiteElo "1954"]
[BlackElo "1857"]
[Annotator "NA RC"]
[PlyCount "75"]
[EventDate "2024.03.10"]
[EventType "tourn"]
[EventCountry "CZE"]
[SourceTitle "playchess.com"]
[Source "ChessBase"]
[SourceQuality "1"]
[TimeControl "40/5400+30:1800+30"]

1. d4 d5 2. c4 e6 3. Nc3 Be7 4. Nf3 Nf6 5. cxd5 exd5 6. Bg5 O-O 7. e3 Bf5 8. Bd3 Bxd3 9. Qxd3 c6 10. O-O Nbd7 11. Ne5 {[%emt 0:03:00] D35: Queen's Gambit Declined: Exchange Variation.} Nxe5 12. dxe5 Nd7 13. Bf4 f6 14. exf6 Nxf6 15. Rab1 Bd6 16. Bxd6 Qxd6 17. h3 Rad8 18. b4 Rf7 19. Qd4 a6 20. Rfd1 Rfd7 21. Rb2 Qe6 22. Na4 Qf7 23. Nc5 Rd6 24. a4 Ne4 $18 25. a5 h6 26. Nxe4 dxe4 27. Qxd6 Rxd6 28. Rxd6 Qc4 29. Rdd2 Kh7 30. Kh2 Qe6 31. Rd4 Qe5+ 32. Kg1 c5 33. bxc5 Qxc5 34. Rxb7 Qxa5 35. Rdd7 Qe1+ 36. Kh2 Qxf2 37. Rxg7+ Kh8 38. Rgf7 1-0

[Event "Czech Juniors Girls 2024"]
[Site "Jaromerice nad Rokytnou"]
[Date "2024.03.16"]
[Round "9.4"]
[White "Petirova, Iva"]
[Black "Nagyova, Daniela"]
[Result "1/2-1/2"]
[ECO "D36"]
[WhiteElo "1846"]
[BlackElo "1927"]
[Annotator "RC"]
[PlyCount "86"]
[EventDate "2024.03.10"]
[EventType "tourn"]
[EventCountry "CZE"]
[SourceTitle "playchess.com"]
[Source "ChessBase"]
[SourceQuality "1"]
[TimeControl "40/5400+30:1800+30"]

1. d4 Nf6 2. c4 e6 3. Nc3 d5 4. cxd5 exd5 5. Bg5 Be7 6. e3 h6 7. Bh4 O-O 8. Bd3 Nbd7 9. Nge2 c6 10. Qc2 Re8 11. O-O Ne4 12. Bxe7 Qxe7 13. Bxe4 dxe4 14. h3 Nf6 15. f3 exf3 16. Rxf3 b6 17. Raf1 Qe6 18. Nf4 Qd6 19. Qf2 Bb7 20. Rg3 Ba6 21. Re1 Rad8 22. Qf3 Re7 23. Qd1 Rde8 24. Rf3 Bb7 25. Qd2 b5 26. a3 a5 27. Nce2 b4 28. Ng3 Ne4 29. Nxe4 Rxe4 30. axb4 axb4 31. Nd3 R4e7 32. Nc5 Bc8 33. Qxb4 Be6 34. e4 Bd5 35. Nd3 Qxb4 36. Nxb4 Rxe4 37. Rxe4 Bxe4 38. Rc3 Rb8 39. Nxc6 Rxb2 40. g3 Bxc6 41. Rxc6 Kf8 42. Rc8+ Ke7 43. Rc7+ Ke8 1/2-1/2

[Event "Czech Juniors Girls 2024"]
[Site "Jaromerice nad Rokytnou"]
[Date "2024.03.16"]
[Round "9.5"]
[White "Voriskova, Anna"]
[Black "Fizerova, Lucie"]
[Result "1-0"]
[ECO "A06"]
[WhiteElo "1999"]
[BlackElo "1886"]
[Annotator "RC"]
[PlyCount "115"]
[EventDate "2024.03.10"]
[EventType "tourn"]
[EventCountry "CZE"]
[SourceTitle "playchess.com"]
[Source "ChessBase"]
[SourceQuality "1"]
[TimeControl "40/5400+30:1800+30"]

1. Nf3 d5 2. e3 e6 3. b3 Nf6 4. Bb2 Nbd7 5. c4 c6 6. d4 Bb4+ 7. Nbd2 O-O 8. Bd3 Ne4 9. a3 Nxd2 10. Nxd2 Be7 11. Qc2 h6 12. O-O Nf6 13. e4 dxe4 14. Nxe4 Nxe4 15. Bxe4 Bf6 16. Rad1 Qc7 17. Rfe1 Rd8 18. Rd3 b6 19. Red1 Bb7 20. Qe2 Qe7 21. h3 Rac8 22. Rg3 Bh4 23. Rgd3 Bf6 24. g3 Ba6 25. R3d2 g6 26. Qf3 Bg5 27. Rc2 Bb7 28. h4 Bf6 29. Rcd2 Bg7 30. Qe2 Rd7 31. Bg2 Rcd8 32. Kh2 Kh7 33. b4 h5 34. Be4 Kg8 35. Qf3 Rc8 36. Bc1 Qd8 37. b5 Qc7 38. bxc6 Bxc6 39. d5 exd5 40. cxd5 Ba4 41. d6 Qb8 42. Re1 Bc3 43. Bd5 Bxd2 44. Bxd2 Qxd6 45. Bc3 Qxa3 46. Re3 Qf8 47. Bf6 Bb5 48. Re5 Rxd5 49. Rxd5 Rc5 50. Rd8 Rf5 51. Rxf8+ Kxf8 52. Qa8+ Be8 53. Bd4 Ra5 54. Qd8 Ra2 55. Qd6+ Kg8 56. Qf6 Kf8 57. Be3 Bb5 58. Qd8+ 1-0